 Dungeon Crawl Stone Soup version 0.27.0 (webtiles) character file.

Game seed: 17450660108688070370

361 Strat the Caller (level 6, -2/44 HPs)
             Began as a Merfolk Summoner on July 30, 2021.
             Slain by a centaur (5 damage)
             ... on level 5 of the Dungeon.
             The game lasted 00:16:29 (6342 turns).

Strat the Caller (Merfolk Summoner)                 Turns: 6342, Time: 00:16:30

Health: -2/44      AC:  2    Str: 10    XL:     6   Next: 66%
Magic:  1/10       EV: 14    Int: 14    God:
Gold:   1006       SH:  0    Dex: 21    Spells: 1/11 levels left

rFire    . . .     SeeInvis .   b - +1 spear
rCold    . . .     Faith    .   (no shield)
rNeg     . . .     Spirit   .   j - +0 robe
rPois    .         Reflect  .   (no helmet)
rElec    .         Harm     .   (no cloak)
rCorr    .         Rampage  .   (no gloves)
Will     .....                  (no boots)
Stlth    ++........             f - amulet of the acrobat
HPRegen  0.14/turn              h - +6 ring of dexterity
MPRegen  0.12/turn              (no ring)

@: attractive
A: (nimble swimmer 2), mertail
a: no special abilities


You were on level 5 of the Dungeon.
You visited 1 branch of the dungeon, and saw 6 of its levels.
You also visited: Sewer.

You collected 1006 gold pieces.

Inventory:

Hand Weapons
 a - a +1 short sword of flaming
 b - a +1 spear (weapon)
 n - a +0 dagger
 r - a +3 rapier
 y - a +0 hunting sling
Missiles
 c - 136 stones
 g - 3 boomerangs
 k - 33 poisoned darts
Armour
 i - a +0 leather armour
 j - a +0 robe (worn)
Jewellery
 f - an amulet of the acrobat (around neck)
 h - a +6 ring of dexterity (left hand)
 A - a +4 ring of slaying
Scrolls
 z - a scroll of blinking
Potions
 e - a potion of mutation
 l - a potion of degeneration
 p - a potion of resistance {unknown}
 s - a potion of haste {unknown}
 t - a potion of magic {unknown}
 v - a potion of heal wounds {unknown}
 w - a potion of might {unknown}


   Skills:
 + Level 1.8 Fighting
 + Level 3.4 Dodging
 - Level 2.1 Stealth
 - Level 3.0 Spellcasting
 + Level 6.2 Summonings
 + Level 1.9 Air Magic


You had one spell level left.
You knew the following spells:

 Your Spells              Type           Power      Damage    Failure   Level
a - Summon Small Mammal   Summ           76%        N/A       1%          1
b - Call Imp              Summ           19%        N/A       2%          2
c - Summon Lightning Spi  Summ/Air       13%        N/A       36%         4
d - Swiftness             Air            7%         N/A       28%         3

Your spell library contained the following spells:

 Spells                   Type           Power      Damage    Failure   Level
 Shock                    Conj/Air       16%        1d4       14%         1
 Call Canine Familiar     Summ           19%        N/A       4%          3
 Summon Guardian Golem    Hex/Summ       10%        N/A       19%         3
 Inner Flame              Hex/Fire       2%         N/A       54%         3
 Airstrike                Air            3%         N/A       67%         4
 Cause Fear               Hex            1%         N/A       91%         4
 Borgnjor's Revivificati  Necr           1%         N/A       100%        8
 Discord                  Hex            1%         N/A       100%        8
 Necromutation            Tmut/Necr      1%         N/A       100%        8
 Death's Door             Necr           1%         N/A       100%        9


Dungeon Overview and Level Annotations

Branches:
Dungeon (6/15)             Temple (0/1) D:4           Sewer (visited)

Altars:
Elyvilon

Annotations:
D:4 Duvessa, Robin


Innate Abilities, Weirdness & Mutations

((You are quick and stealthy near water. (Stealth+, EV+, Speed+++)))
Your lower body shifts to a powerful aquatic tail in water.


Message History

You hit the centaur.
The centaur is lightly wounded.
The centaur hits you.
* * * LOW HITPOINT WARNING * * *
The centaur closely misses you. The centaur barely misses you. x2
Casting: Call Imp (safe; 2% risk of failure)
Confirm with . or Enter, or press ? or * to list all spells.
You don't have enough magic to cast this spell.
You hit the centaur.
The centaur is moderately wounded.
The centaur hits you.
* * * LOW HITPOINT WARNING * * *
The centaur misses you.
It was a potion of attraction.
You feel attractive to monsters. The centaur completely misses you.
The centaur closely misses you. The centaur misses you.
The centaur barely misses you.
Casting: Call Imp (safe; 2% risk of failure)
Confirm with . or Enter, or press ? or * to list all spells.
You don't know that spell.
Okay, then.
Blink to where?
Press: ? - help, Dir - move target
As you read the scroll of blinking, it crumbles to dust.
The centaur wields a +0 shortbow.
The centaur shoots an arrow.
The arrow hits your crimson imp!
Your crimson imp blinks!
The centaur is pulled toward you!
You hit the centaur.
The centaur is moderately wounded.
The centaur unwields a +0 shortbow.
The centaur hits you.
* * * LOW HITPOINT WARNING * * *
The centaur barely misses you.
You completely miss the centaur.
The centaur is moderately wounded.
The centaur completely misses you. The centaur barely misses you. x3
You hit the centaur.
The centaur is moderately wounded.
The centaur hits you.
You die...

####### #.c...# #########
#@###.#
........#####5###.#
.............รท...>#
#....#..#.#.......###
#.##.#..#.#.......c.#
#.##.#..#.#.....###.#
#.##......#...#.###c##
####.##....#######.#5...#
.....#<............#.#..#


You could see a centaur (ally target) and a friendly crimson imp (summoned).

Vanquished Creatures
  A centaur (D:5)
  A hound (D:4)
  A hound skeleton (D:4)
  An adder (D:5)
  3 dart slugs
  An orc (D:6)
  11 ball pythons
  5 endoplasms
  4 giant cockroaches
  4 hobgoblins
  6 jackals
  8 kobolds
  5 quokkas
  6 bats
  A frilled lizard (D:1)
  3 goblins
  14 rats
75 creatures vanquished.

Vanquished Creatures (collateral kills)
  2 kobold brigands (Sewer)
  A water moccasin skeleton (D:3)
  An orc priest (D:5)
  3 gnolls (D:2)
  2 adders
  A worm (D:2)
  3 orcs (D:5)
  An endoplasm (D:1)
  2 giant cockroaches (D:3)
  7 goblins
  3 hobgoblins
  5 jackals
  5 kobolds
  2 quokkas (D:3)
  2 bats (D:2)
40 creatures vanquished.

Vanquished Creatures (others)
  A phantom (D:6)
  An orc (D:6)
  4 plants (Sewer)
6 creatures vanquished.

Grand Total: 121 creatures vanquished

Notes
Turn   | Place    | Note
-------+----------+-------------------------------------------
     0 | D:1      | Strat the Merfolk Summoner began the quest for the Orb.
     0 | D:1      | Reached XP level 1. HP: 13/13 MP: 3/3
   208 | D:1      | Reached skill level 1 in Fighting
   644 | D:1      | Reached XP level 2. HP: 21/21 MP: 5/5
   647 | D:1      | Learned a level 2 spell: Call Imp
  1439 | D:1      | Found a faded altar of an unknown god.
  1813 | D:2      | Reached XP level 3. HP: 26/26 MP: 0/6
  2663 | D:2      | Found a white marble altar of Elyvilon.
  2771 | D:2      | Reached XP level 4. HP: 32/32 MP: 8/8
  3148 | D:3      | Found a glowing drain.
  3198 | D:3      | Reached skill level 5 in Summonings
  3201 | Sewer    | Entered a sewer
  3287 | Sewer    | Noticed a kobold brigand
  3317 | Sewer    | Killed a kobold brigand
  3318 | Sewer    | Reached XP level 5. HP: 24/37 MP: 3/9
  3457 | Sewer    | Learned a level 4 spell: Summon Lightning Spire
  3461 | Sewer    | Learned a level 3 spell: Swiftness
  3686 | Sewer    | Noticed a kobold brigand
  3714 | Sewer    | Killed a kobold brigand
  3913 | Sewer    | Noticed a kobold brigand
  4226 | D:3      | Reached skill level 1 in Air Magic
  4605 | D:3      | Reached skill level 6 in Summonings
  4698 | D:4      | Noticed Duvessa
  4720 | D:4      | Reached XP level 6. HP: 33/43 MP: 10/10
  5116 | D:4      | Identified the +11 flail "Gogo" {freeze, +Blink rCorr
                  | Stlth-}
  5136 | D:4      | Noticed Robin
  5155 | D:4      | Found a staircase to the Ecumenical Temple.
  5191 | D:5      | Entered Level 5 of the Dungeon
  5927 | D:5      | Identified a scroll of acquirement
  5928 | D:5      | Acquired 889 gold pieces
  6296 | D:6      | Noticed an ice beast
  6340 | D:5      | HP: 2/44 [centaur (4)]
  6342 | D:5      | Slain by a centaur

Illustrated notes

Levels and vault maps discovered:
D:1:      dpeg_arrival_arbitrary_a, layout_basic,
          shapermc_ecumenical_altar_totnotflames, minmay_hedge_maze
D:2:      layout_loops_ring, basic_altar, minmay_domino_2
D:3:      layout_rooms, gup_sewer_entry_pipe
D:4:      layout_basic, worldfamousw_hep_ancestral_shrine, grunt_gozag_statues,
          minmay_temple_entry_offerings, uniq_robin, uniq_duvessa
D:5:      layout_basic
D:6:      layout_rooms, jmf_multi_god_temple2, lemuel_flamethrower_2

Skill      XL: |  1  2  3  4  5  6 |
---------------+-------------------+-----
Fighting       | 1 |  1.8
Spellcasting   | 3 |  3.0
Summonings     | 5 6 |  6.2
Air Magic      | 1 |  1.9
Dodging        | 3 |  3.4
Stealth        | |  2.1

Action                   |  1- 3 |  4- 6 || total
-------------------------+-------+-------++-------
Melee: Dagger            |    71 |       ||    71
       Short sword       |    34 |    10 ||    44
       Spear             |       |   220 ||   220
       Tailslap          |       |     7 ||     7
 Cast: Summon Small Mamm |     5 |       ||     5
       Call Imp          |    19 |    50 ||    69
  Use: Scroll            |       |     8 ||     8
       Potion            |       |     1 ||     1
 Stab: Sleeping          |    10 |     7 ||    17
       Distracted        |       |     1 ||     1
Armor: Robe              |    13 |       ||    13
       Leather armour    |     4 |    43 ||    47
Dodge: Dodged            |    67 |   189 ||   256
